 Dungeon Crawl Stone Soup version 0.30.1-11-g7821555f0a (webtiles) character file.

Game seed: 17685818797410404448

74441 booth the Severer (level 15, 0/139 HPs)
             Began as a Minotaur Fighter on Jan 10, 2024.
             Was the Champion of Makhleb.
             Slain by a skeletal warrior
             ... wielding a +2 glaive of venom
              (26 damage)
             ... on level 14 of the Dungeon.
             The game lasted 02:13:59 (22676 turns).

booth the Severer (Minotaur Fighter)               Turns: 22676, Time: 02:14:00

Health: 0/139      AC: 23    Str: 26    XL:     15   Next: 6%
Magic:  21/21      EV: 10    Int:  9    God:    Makhleb [******]
Gold:   38         SH:  9    Dex: 11    Spells: 14/14 levels left

rFire   + . .        a - +1 war axe (spect)
rCold   + . .        c - +0 buckler
rNeg    + . .        v - +7 Kryia's mail coat {PotionHeal*2 rC+}
rPois   .            (helmet restricted)
rElec   .            M - +1 cloak
rCorr   .            A - +1 pair of gloves
SInv    .            i - +1 pair of boots
Will    ++...        X - amulet of reflection Stlth
                     T - ring "Cuguplas" {rN+ Will+ Str+3}
HPRegen 0.43/turn    s - ring of protection from fire
MPRegen 0.17/turn

%: reflection
@: lethally poisoned (0 -> -33)
A: horns 2, retaliatory headbutt
a: Renounce Religion, Minor Destruction, Lesser Servant of Makhleb, Major
Destruction, Greater Servant of Makhleb


You were on level 14 of the Dungeon.
You worshipped Makhleb.
Makhleb was exalted by your worship.
You visited 3 branches of the dungeon, and saw 20 of its levels.
You also visited: Bailey.

You collected 2062 gold pieces.
You spent 2024 gold pieces at shops.

Inventory:

Hand Weapons
 a - a +1 spectral war axe (weapon)
 b - a +4 flail of draining
 B - the +4 executioner's axe "Etecoc" {flame, Int-2 Dex+4}
   (You acquired it on level 8 of the Dungeon)

   Int:       It affects your intelligence (-2).
   Dex:       It affects your dexterity (+4).
 L - the +6 whip of Histrionic Action {elec, MP+9 Stlth+}
   (You found it on level 8 of the Dungeon)

   MP:        It affects your magic capacity (+9).
   Stlth:     It makes you more stealthy.
Missiles
 k - 12 boomerangs (quivered)
 m - 3 silver boomerangs
 r - 4 datura-tipped darts
 D - 64 poisoned darts
 F - 7 atropa-tipped darts
 H - 2 throwing nets
 N - 12 curare-tipped darts
 P - 4 javelins
Armour
 c - a +0 buckler (worn)
 i - a +1 pair of boots (worn)
 t - the +0 chain mail of Past Mistakes {rElec Str+3}
   (You bought it in a shop on level 8 of the Dungeon)

   Str:       It affects your strength (+3).
   rElec:     It insulates you from electricity.
 v - the +7 Kryia's mail coat (worn) {PotionHeal*2 rC+}
   (You found it on level 9 of the Dungeon)

   PotionHeal*2: Potions heal its wearer twice as much.
   rC:        It protects you from cold.
 A - a +1 pair of gloves (worn)
 M - a +1 cloak (worn)
Jewellery
 e - a ring of ice
 l - a ring of resist corrosion
 s - a ring of protection from fire (right hand)
 T - the ring "Cuguplas" (left hand) {rN+ Will+ Str+3}
   (You bought it in a shop on level 12 of the Dungeon)

   [ring of willpower]

   Str:       It affects your strength (+3).
   rN:        It protects you from negative energy.
   Will:      It increases your willpower.
 X - an amulet of reflection (around neck)
Wands
 u - a wand of flame (34)
 y - a wand of roots (20)
 G - a wand of charming (41)
 V - a wand of quicksilver (7)
Scrolls
 f - 5 scrolls of fear
 o - a scroll of poison
 w - 2 scrolls of magic mapping
 z - a scroll of brand weapon
 E - a scroll of torment
 I - 12 scrolls of teleportation
 J - 5 scrolls of fog
 K - 3 scrolls of blinking
 O - 2 scrolls of silence
 Q - 6 scrolls of identify
 S - a scroll of immolation
Potions
 d - 3 potions of might
 g - 5 potions of curing
 h - 5 potions of flight
 j - 2 potions of brilliance
 n - a potion of attraction
 p - 2 potions of cancellation
 q - 4 potions of lignification
 x - a potion of magic
 C - a potion of resistance
 W - 2 potions of haste
 Y - a potion of berserk rage
 Z - a potion of heal wounds
Miscellaneous
 R - a piece from Xom's chessboard (15/15)


   Skills:
 + Level 14.8 Fighting
 * Level 20.0 Axes
 + Level 11.3 Throwing
 + Level 12.0 Armour
 - Level 3.8 Shields
 + Level 9.6 Invocations


You had 14 spell levels left.
You didn't know any spells.
Your spell library contained the following spells:

 Spells                   Type           Power      Damage    Failure   Level
 Foxfire                  Conj/Fire      0%         2x1d4     67%         1
 Magic Dart               Conj           0%         1d3       67%         1
 Slow                     Hex            0%         N/A       67%         1
 Searing Ray              Conj           0%         2d4       80%         2
 Call Canine Familiar     Summ           0%         N/A       95%         3
 Confusing Touch          Hex            0%         N/A       95%         3
 Ignite Poison            Fire/Tmut/Pois 0%         N/A       95%         3
 Portal Projectile        Hex/Tloc       0%         N/A       95%         3
 Tukima's Dance           Hex            0%         N/A       95%         3
 Vampiric Draining        Necr           0%         2d6       95%         3
 Fulminant Prism          Conj/Hex       0%         3d5       100%        4
 Olgreb's Toxic Radiance  Pois           0%         N/A       100%        4
 Alistair's Intoxication  Tmut/Pois      0%         N/A       100%        5
 Blade Hands              Tmut           0%         N/A       100%        5
 Fireball                 Conj/Fire      0%         3d3       100%        5
 Iskenderun's Battlesphe  Conj           0%         2d6       100%        5
 Iron Shot                Conj/Erth      0%         9d1       100%        6
 Plasma Beam              Fire/Air       0%         2x1d11    100%        6
 Starburst                Conj/Fire      0%         6d3       100%        6
 Dragon Form              Tmut           0%         N/A       100%        7
 Spellforged Servitor     Conj/Summ      0%         N/A       100%        7
 Discord                  Hex            0%         N/A       100%        8
 Ignition                 Fire           0%         3d3       100%        8
 Necromutation            Tmut/Necr      0%         N/A       100%        8


Dungeon Overview and Level Annotations

Branches:
Dungeon (14/15)            Temple (1/1) D:7            Lair (5/5) D:10
  Swamp (0/4) Lair:2       Spider (0/4) Lair:2        Slime (0/5) Lair:5
    Orc (0/2) D:9          Bailey (visited)
 Vaults: D:13-14

Altars:
Ashenzari
Cheibriados
Dithmenos
Elyvilon
Fedhas
Gozag
Hepliaklqana
Kikubaaqudgha
Makhleb
Nemelex Xobeh
Okawaru
Qazlal
Ru
Sif Muna
Trog
Uskayaw
Vehumet
Wu Jian
Xom
Yredelemnul
Zin
The Shining One
Jiyva

Shops:
D:4 ?   D:8 *   D:12 =[!=

Annotations:
Lair:1 3 runed translucent doors, occam's ghost, novice OpTm
Lair:3 3 runed translucent doors, occam's ghost, journeyman MiFi


Innate Abilities, Weirdness & Mutations

You have a pair of horns on your head.
You reflexively headbutt those who attack you in melee.


Message History

You feel very sick.
The skeletal warrior hits you from afar with a +2 glaive of venom!
You are more poisoned.
The skeletal warrior barely misses you.
You hit the skeletal warrior but do no damage.
The skeletal warrior is severely damaged.
Your +1 spectral war axe hits the skeletal warrior but does no damage.
You feel very sick.
You block the skeletal warrior's attack.
The skeletal warrior hits your +1 spectral war axe with a +0 flail!!
Your spectral weapon shares its damage with you!
* * * LOW HITPOINT WARNING * * *
You slash the skeletal warrior!
You headbutt the skeletal warrior, but do no damage.
The skeletal warrior is severely damaged.
Your +1 spectral war axe hits the skeletal warrior but does no damage.
You feel very sick.
The skeletal warrior hits you from afar with a +2 glaive of venom!
* * * LOW HITPOINT WARNING * * *
You are lethally poisoned!
The skeletal warrior hits your +1 spectral war axe with a +0 flail!
Your spectral weapon shares its damage with you!
Your +1 spectral war axe disappears.
* * * LOW HITPOINT WARNING * * *
* * * LOW HITPOINT WARNING * * *
You feel extremely sick.
The skeletal warrior completely misses you.
You block the skeletal warrior's attack.
There is a stone staircase leading up, spattered with blood here.
The +7 Kryia's mail coat enhances the healing.
You feel much better.
You feel extremely sick.
The skeletal warrior hits you from afar with a +2 glaive of venom!
* * * LOW HITPOINT WARNING * * *
You are lethally poisoned!
The skeletal warrior hits you but does no damage.
* * * LOW HITPOINT WARNING * * *
You feel extremely sick.
The skeletal warrior hits you from afar with a +2 glaive of venom!!
You die...

.. ###.######
#........#
#........#
#[.......#
.##[.......#
...........#
#..z)@...#...
#...z).......
#.......^#...
######.### #
.# ##


You could see 2 skeletal warriors.

Vanquished Creatures
  Rupert (Lair:4)
  Frances (D:12)
  Nessos (Lair:3)
  Snorg (D:10)
  A fire dragon (Lair:5)
  4 hydras
  A rakshasa (D:13)
  2 catoblepae
  A two-headed ogre (D:12)
  A boulder beetle (D:13)
  3 death yaks (Lair:4)
  A tengu warrior (D:13)
  Sonja (Lair:3)
  2 skysharks
  Nergalle (D:10)
  2 skeletal warriors (D:14)
  3 lindwurms
  An orc knight (Bailey)
  A wolf spider (Lair:5)
  2 ugly things (D:13)
  4 cyclopes
  A manticore (D:11)
  14 elephants
  8 black mambas
  A guardian serpent (Lair:5)
  A cane toad (shapeshifter) (D:13)
  15 cane toads
  7 torpor snails
  An unseen horror (D:11)
  3 tengu conjurers (D:13)
  2 rime drakes
  6 komodo dragons
  9 trolls
  3 tyrant leeches (Lair:5)
  12 hornets
  25 blink frogs
  3 slime creatures (D:13)
  2 culicivoras (Lair:2)
  Sigmund (D:4)
  14 wyverns
  A shadow (D:13)
  2 jumping spiders (Lair:2)
  3 wraiths
  73 yaks
  2 basilisks
  2 steam dragons
  7 redbacks
  2 wargs (D:6)
  4 vampire mosquitoes (D:12)
  Menkaure (D:4)
  An acid dragon (D:8)
  25 water moccasins
  Duvessa (D:4)
  2 black bears
  7 orc warriors
  An ice beast (D:8)
  11 ogres
  4 wolves (Lair:1)
  5 centaurs
  13 kobold brigands
  Blork the orc (D:5)
  13 bullfrogs
  3 scorpions
  A cane toad simulacrum (Lair:4)
  2 gnoll sergeants (D:6)
  9 wights (D:8)
  Dowan (D:4)
  2 elephant simulacra (Lair:4)
  21 killer bees
  7 howler monkeys
  4 electric eels
  6 orc priests
  3 gnoll boudas
  9 hounds (D:6)
  5 jellies
  Ijyb (D:3)
  3 iguanas
  16 orc wizards
  2 polar bear simulacra (Lair:4)
  A mummy (D:4)
  17 gnolls
  2 river rats (D:4)
  5 adders
  4 worms
  35 orcs
  7 bats
  4 endoplasms
  3 giant cockroaches
  4 goblins
  5 hobgoblins
  4 quokkas
  9 ball pythons
  10 frilled lizards
  31 kobolds
  9 rats
589 creatures vanquished.

Vanquished Creatures (others)
  A water moccasin (Lair:5)
  10 spectral weapons
11 creatures vanquished.

Grand Total: 600 creatures vanquished

Notes
Turn   | Place    | Note
-------+----------+-------------------------------------------
     0 | D:1      | booth the Minotaur Fighter began the quest for the Orb.
     0 | D:1      | Reached XP level 1. HP: 19/19 MP: 0/0
   117 | D:1      | Reached XP level 2. HP: 27/27 MP: 1/1
   509 | D:1      | Reached skill level 3 in Axes
   786 | D:2      | Found a faded altar of an unknown god.
  1010 | D:2      | Reached XP level 3. HP: 33/33 MP: 2/2
  1527 | D:3      | Reached skill level 4 in Axes
  1636 | D:3      | Reached XP level 4. HP: 29/41 MP: 3/3
  1837 | D:3      | Noticed Ijyb
  1853 | D:3      | Killed Ijyb
  1880 | D:3      | Reached skill level 5 in Axes
  1880 | D:3      | Reached XP level 5. HP: 13/47 MP: 4/4
  2183 | D:4      | Reached skill level 5 in Fighting
  2391 | D:4      | Noticed Menkaure
  2395 | D:4      | Noticed Duvessa
  2399 | D:4      | Killed Menkaure
  2400 | D:4      | Reached skill level 6 in Axes
  2400 | D:4      | Reached XP level 6. HP: 43/57 MP: 5/5
  2408 | D:4      | Killed Duvessa
  2409 | D:4      | Reached skill level 7 in Axes
  2469 | D:4      | Noticed Dowan
  2652 | D:4      | Killed Dowan
  2653 | D:4      | Reached XP level 7. HP: 33/63 MP: 6/6
  3031 | D:4      | Noticed Sigmund
  3050 | D:4      | Killed Sigmund
  3051 | D:4      | Reached skill level 8 in Axes
  3125 | D:4      | Found Soaluyck's Magic Scroll Emporium.
  3140 | D:4      | Found a snail-covered altar of Cheibriados.
  3556 | D:5      | Entered Level 5 of the Dungeon
  3641 | D:5      | Reached skill level 1 in Throwing
  3738 | D:5      | Reached skill level 9 in Axes
  3738 | D:5      | Reached XP level 8. HP: 73/73 MP: 7/7
  3774 | D:5      | Noticed Blork the orc
  3790 | D:5      | Killed Blork the orc
  4618 | D:6      | Reached skill level 10 in Axes
  4996 | D:6      | Reached XP level 9. HP: 62/82 MP: 8/8
  5099 | D:6      | Reached skill level 11 in Axes
  5314 | D:6      | Found an ancient bone altar of Kikubaaqudgha.
  5334 | D:6      | Found a broken altar of Ashenzari.
  5875 | D:6      | Noticed a cyclops
  5883 | D:6      | Reached skill level 12 in Axes
  6068 | D:6      | Reached skill level 5 in Throwing
  6445 | D:6      | Reached XP level 10. HP: 93/93 MP: 9/9
  6497 | D:6      | Reached skill level 13 in Axes
  6716 | D:6      | Killed a cyclops
  6717 | D:6      | Reached skill level 10 in Fighting
  6764 | D:7      | Reached skill level 1 in Invocations
  6907 | D:7      | Found a staircase to the Ecumenical Temple.
  6926 | Temple   | Entered the Ecumenical Temple
  6975 | Temple   | Became a worshipper of Makhleb the Destroyer
  7254 | D:7      | Found a flagged portal.
  7273 | Bailey   | Entered a bailey
  7310 | Bailey   | Noticed an orc knight
  7320 | Bailey   | Killed an orc knight
  7625 | Bailey   | Got the Omnibus of Luminous Shaping
  7682 | Bailey   | Found an iron altar of Okawaru.
  8085 | D:4      | Bought a scroll of blinking for 105 gold pieces
  8085 | D:4      | Bought a scroll of teleportation for 42 gold pieces
  8239 | D:8      | Identified the +6 whip of Histrionic Action {elec, MP+9
                  | Stlth+}
  8321 | D:8      | Reached skill level 5 in Armour
  8427 | D:8      | Found Yggiwkuv's Assorted Antiques.
  8433 | D:8      | Bought an ichor-stained chain mail for 294 gold pieces
  8433 | D:8      | Identified the +0 chain mail of Past Mistakes {rElec Str+3}
                  | (You bought it in a shop on level 8 of the Dungeon)
  8560 | D:8      | Reached * piety under Makhleb
  8816 | D:8      | Identified a scroll of acquirement
  8822 | D:8      | Acquired the +4 executioner's axe "Etecoc" {flame, Int-2
                  | Dex+4}
  8905 | D:8      | Reached skill level 14 in Axes
  9484 | D:9      | Reached XP level 11. HP: 101/101 MP: 12/12
  9715 | D:9      | Found the +7 Kryia's mail coat {PotionHeal*2 rC+}
 10221 | D:9      | Found an opulent altar of Gozag.
 10227 | D:9      | Found a staircase to the Orcish Mines.
 10378 | D:10     | Entered Level 10 of the Dungeon
 10378 | D:10     | Noticed Snorg
 10390 | D:10     | Killed Snorg
 10582 | D:10     | Noticed Nergalle
 10586 | D:10     | Killed Nergalle
 10591 | D:10     | Reached ** piety under Makhleb
 10707 | D:10     | Reached skill level 15 in Axes
 11025 | D:10     | Found a staircase to the Lair.
 11293 | D:10     | Found a shimmering altar of Xom.
 11298 | D:10     | Found an iron altar of Okawaru.
 11299 | D:10     | Found an ornate altar of the Wu Jian Council.
 11299 | D:10     | Found a stormy altar of Qazlal.
 11300 | D:10     | Found a sacrificial altar of Ru.
 11304 | D:10     | Found a blossoming altar of Fedhas.
 11459 | Lair:1   | Entered Level 1 of the Lair of Beasts
 11547 | Lair:1   | Found a runed translucent gate.
 11547 | Lair:1   | Found a runed translucent gate.
 11547 | Lair:1   | Found a runed translucent gate.
 11582 | Lair:1   | Reached *** piety under Makhleb
 11699 | Lair:1   | Got the Codex of Cooperative Vitiation
 11716 | Lair:1   | Reached skill level 5 in Invocations
 11754 | Lair:1   | You fall into a shaft and drop 1 floor!
 11771 | Lair:2   | Reached XP level 12. HP: 111/111 MP: 14/14
 11772 | Lair:2   | Noticed a four-headed hydra
 11773 | Lair:2   | Noticed a four-headed hydra
 11790 | Lair:2   | Killed a four-headed hydra
 11802 | Lair:2   | Killed a four-headed hydra
 11978 | Lair:2   | Found a staircase to the Swamp.
 12069 | Lair:2   | Reached skill level 16 in Axes
 12298 | Lair:1   | Reached **** piety under Makhleb
 12718 | Lair:1   | Noticed occam's ghost (novice OpTm)
 13609 | Lair:2   | Reached skill level 17 in Axes
 13682 | Lair:2   | Found a hole to the Spider Nest.
 14220 | Lair:3   | Reached XP level 13. HP: 119/119 MP: 17/17
 14225 | Lair:3   | Reached ***** piety under Makhleb
 14452 | Lair:3   | Noticed Sonja
 14489 | Lair:3   | Killed Sonja
 14745 | Lair:3   | Noticed Nessos
 14755 | Lair:3   | Killed Nessos
 14968 | Lair:3   | Found a runed translucent gate.
 14968 | Lair:3   | Found a runed translucent gate.
 14968 | Lair:3   | Found a runed translucent gate.
 14968 | Lair:3   | Noticed occam's ghost (journeyman MiFi)
 15593 | Lair:4   | Found a runed translucent door.
 15667 | Lair:4   | Reached skill level 18 in Axes
 15667 | Lair:4   | Reached skill level 10 in Armour
 15783 | Lair:4   | Found a sparkling altar of Nemelex Xobeh.
 16265 | Lair:4   | Noticed Rupert
 16280 | Lair:4   | Killed Rupert
 16281 | Lair:4   | Reached skill level 10 in Throwing
 16933 | Lair:5   | Entered Level 5 of the Lair of Beasts
 17189 | Lair:5   | Reached XP level 14. HP: 122/130 MP: 19/19
 17358 | Lair:5   | Found a runed translucent door.
 17923 | Lair:5   | Reached ****** piety under Makhleb
 17934 | Lair:5   | Reached skill level 19 in Axes
 18298 | Lair:5   | Found a viscous altar of Jiyva.
 18298 | Lair:5   | Found a staircase to the Slime Pits.
 18861 | D:8      | Bought a blackened marble ring for 155 gold pieces
 19031 | Lair:5   | Paralysed by a hornet for 1 turns
 19642 | D:11     | Identified the +1 robe of Titex {-Tele Str-5 Int+3 Dex+9}
 19744 | D:11     | Identified the +2 leather armour "Yrianas" {rCorr MP+9
                  | Dex+2}
 20338 | D:12     | Found Orchel's Jewellery Emporium.
 20345 | D:12     | Bought the ring of Nottekli {rN+ Str+6} for 566 gold pieces
 20506 | D:12     | Found the amulet of the Air {Inacc Air Fly rElec RMsl}
 20512 | D:12     | Found Enkuff's Distillery.
 20554 | D:12     | Bought a potion of heal wounds for 70 gold pieces
 20554 | D:12     | Bought a potion of heal wounds for 70 gold pieces
 20694 | D:12     | Identified the +0 arbalest "Iladuruv" {flame, Dex+2 SInv}
 20801 | D:12     | Found Main Uha's Jewellery Emporium.
 20804 | D:12     | Bought the ring "Cuguplas" {rN+ Will+ Str+3} for 722 gold
                  | pieces
 21002 | D:12     | Found Hoffabie's Antique Armour Shoppe.
 21226 | D:12     | Noticed Frances
 21246 | D:12     | Killed Frances
 22158 | D:13     | Reached XP level 15. HP: 139/139 MP: 21/21
 22555 | D:13     | Reached skill level 20 in Axes
 22676 | D:14     | Slain by a skeletal warrior

Illustrated notes

Levels and vault maps discovered:
D:1:      reono_arrival_forest_river, layout_loops_cross,
          corexii_item_surrounded_by_moat
D:2:      layout_basic, ebering_ecumenical_altar_webs
D:3:      layout_rooms, minmay_misc_feat_ornament, minmay_lizard_king, uniq_ijyb
D:4:      layout_loops_cross, slow_altar_1, serial_shops, shop,
          portal_sewer_entry_e, uniq_duvessa, uniq_sigmund, uniq_menkaure
D:5:      layout_basic, uniq_blork_the_orc
D:6:      lemuel_castle_with_subvaults [lemuel_castle_interior_carwin_1],
          layout_loops_ring, nicolae_overflow_squiral, bh_walls_and_bars
D:7:      layout_gridville, minmay_temple_entry_junction, enter_bailey_7
D:8:      minmay_s_stair_smasher, layout_loops_ring, serial_shops,
          nicolae_shop_stone, minmay_misc_feat_more_columns, minmay_crystal_room
D:9:      layout_roguey, kennysheep_mini, orc_0_dummy, minivault_24
D:10:     layout_basic, minitemple, lair_entry_dummy,
          chequers_serial_rivers_marsh, st_stairs_6, uniq_snorg, uniq_nergalle
D:11:     layout_gridville
D:12:     layout_loops_corners, serial_shops, nicolae_shop_stone,
          nicolae_shop_behind_doors, shop, nicolae_shop_tiny_statue_garden,
          uniq_frances
D:13:     layout_grid_maze, minivault_25_ag
D:14:     layout_roguey, david_vaults_4, minmay_misc_feat_iff,
          due_unseen_surprise
Temple:   nicolae_temple_ecumenical_triangle
Lair:1:   layout_regular_city, serial_bayou, serial_bayou_lake_a,
          serial_bayou_pond_d, serial_bayou_ford_a, serial_bayou_pond_e,
          gammafunk_ghost_icy, lemuel_fruit_tree
Lair:2:   layout_gridlike, palyth_hydra_swamp_entry,
          nicolae_spider_entry_tight_spaces, chequers_serial_rivers_small_b,
          roderic_batcave
Lair:3:   layout_cave_pods, gammafunk_ghost_hydra_chop,
          eino_small_chamber_without_monster, lemuel_fruit_fields, uniq_sonja,
          uniq_nessos
Lair:4:   layout_long_grid, portal_ice_cave_entry_ice_simulacra, basic_altar,
          pf_torpor_hydra, grunt_megastairs_2, uniq_rupert
Lair:5:   wormcave, layout_hall_layers, hangedman_lair_tendril_chambers,
          nicolae_slime_entry_slimehenge, serial_bayou_shore_b

Skill      XL: |  1  2  3  4  5  6  7  8  9 10 11 12 13 14 15 |
---------------+----------------------------------------------+-----
Axes           | 3 4 5 6 7 9 10 12 14 15 17 18 19 20 | 20.0
Fighting       | 4 5 6 7 8 9 10 11 12 13 14 | 14.8
Throwing       | 1 3 5 6 8 9 10 11 | 11.3
Armour         | 5 7 9 10 11 12 | 12.0
Invocations    | 3 5 6 8 9 |  9.6
Shields        | |  3.8

Action                     |  1- 3 |  4- 6 |  7- 9 | 10-12 | 13-15 || total
---------------------------+-------+-------+-------+-------+-------++-------
  Melee: War axe           |    98 |    87 |   199 |   386 |   444 ||  1214
         Headbutt          |    12 |    11 |    28 |    96 |   129 ||   276
         Whip              |       |       |       |    22 |    23 ||    45
  Throw: Boomerang         |       |    41 |    30 |   101 |   131 ||   303
         Dart              |       |       |       |     2 |       ||     2
    Use: Scroll            |     6 |     1 |     5 |    13 |     5 ||    30
         Potion            |     3 |     3 |     3 |     3 |     5 ||    17
   Stab: Distracted        |       |       |     1 |     4 |     8 ||    13
 Armour: Scale mail        |    47 |    40 |    14 |   140 |   220 ||   461
         Chain mail        |       |       |    50 |    26 |       ||    76
  Dodge: Dodged            |    25 |    28 |    55 |   121 |   128 ||   357
  Block: Buckler           |    22 |    15 |    23 |    64 |   129 ||   253
         Reflection        |       |       |       |       |     3 ||     3
